 Dungeon Crawl Stone Soup version 0.29.1-13-g9f3cf754e1 (webtiles) character file.

Game seed: 5448884546361782153

27267 DildoBatman the Geomancer (level 13, -5/89 (91) HPs)
             Began as a Formicid Conjurer on Jan 21, 2023.
             Was a High Priest of Kikubaaqudgha.
             Slain by an unseen horror (7 damage)
             ... summoned by an orange crystal statue
             ... on level 12 of the Dungeon.
             The game lasted 00:52:49 (12687 turns).

DildoBatman the Geomancer (Formicid Conjurer)      Turns: 12687, Time: 00:52:49

HP:   -5/89 (91)    AC:  7    Str: 12    XL:     13   Next: 64%
MP:   25/28         EV: 16    Int: 33    God:    Kikubaaqudgha [*****.]
Gold: 1419          SH:  0    Dex: 12    Spells: 11/34 levels left

rFire   . . .      SeeInvis +   a - +9 great sword of Adydeyll {speed, Int+4}
rCold   . . .      Faith    .   (no shield)
rNeg    . . .      Spirit   .   K - +0 steam dragon scales
rPois   +          Reflect  .   (helmet unavailable)
rElec   .          Harm     .   F - +1 cloak {rPois}
rCorr   .          Rampage  .   R - +0 pair of gloves
Will    +....                   (no boots)
Stlth   +.........              (no amulet)
HPRegen 0.24/turn               A - +4 ring of evasion
MPRegen 0.21/turn               s - +6 ring of intelligence

@: confused, corroded, lightly drained
A: permanent stasis, dig shafts and tunnels, antennae 3, four strong arms,
iridescent scales 1, wild magic 1
a: Dig, Shaft Self, Renounce Religion, Unearth Wretches, Torment


You were on level 12 of the Dungeon.
You worshipped Kikubaaqudgha.
Kikubaaqudgha was extremely pleased with you.
You visited 2 branches of the dungeon, and saw 15 of its levels.

You collected 1548 gold pieces.
You spent 129 gold pieces at shops.

Inventory:

Hand Weapons
 a - the +9 great sword of Adydeyll (weapon) {speed, Int+4}
   (You found it on level 11 of the Dungeon)

   Attacks with this weapon are significantly faster.
   Int:       It affects your intelligence (+4).
 c - a +0 shortbow
 d - the +12 flail "Irraxytao" {flame, SInv}
   (You found it on level 3 of the Dungeon)

   It burns those it strikes, dealing additional fire damage.
   SInv:      It lets you see invisible.
 e - a +5 halberd
Missiles
 h - a throwing net
 n - 18 poisoned darts
 M - 4 atropa-tipped darts
 N - a javelin
Armour
 u - a +0 ring mail of poison resistance
 F - a +1 cloak of poison resistance (worn)
 K - +0 steam dragon scales (worn)
 R - a +0 pair of gloves (worn)
 S - +0 acid dragon scales
 Y - a +2 robe of willpower
Magical Staves
 b - a staff of death
 T - a staff of air
Jewellery
 m - a ring of positive energy
 s - a +6 ring of intelligence (right hand)
 w - a +6 ring of dexterity
 x - a ring of flight
 A - a +4 ring of evasion (left hand)
 Q - the ring of Edier {rCorr Str+4}
   (You found it on level 10 of the Dungeon)

   [ring of resist corrosion]

   Str:       It affects your strength (+4).
   rCorr:     It protects you from acid and corrosion.
Wands
 C - a wand of flame (16)
 D - a wand of quicksilver (3)
 I - a wand of digging (5)
Scrolls
 g - 2 scrolls of fog
 j - 2 scrolls of amnesia {unknown}
 k - a scroll of magic mapping
 l - 3 scrolls of poison
 o - a scroll of enchant armour {unknown}
 q - 3 scrolls of blinking {unknown}
 t - a scroll of noise {unknown}
 z - a scroll of identify
 J - a scroll of acquirement {unknown}
 L - 2 scrolls of silence
 O - a scroll of brand weapon {unknown}
 W - a scroll of fear {unknown}
 X - a scroll of vulnerability {unknown}
Potions
 f - a potion of invisibility {unknown}
 i - a potion of flight {unknown}
 p - 5 potions of curing
 r - 3 potions of heal wounds
 y - a potion of mutation
 B - 3 potions of magic
 E - 2 potions of resistance
 G - a potion of ambrosia {unknown}
 H - a potion of degeneration {unknown}
 U - a potion of lignification {unknown}
 V - a potion of brilliance {unknown}


   Skills:
 * Level 5.3 Fighting
 - Level 2.0 Long Blades
 - Level 2.0 Maces & Flails
 * Level 5.3 Armour
 * Level 3.3 Dodging
 - Level 2.4 Stealth
 * Level 11.3 Spellcasting
 - Level 6.0 Conjurations
 - Level 12.0 Necromancy
 - Level 6.0 Fire Magic
 - Level 12.0 Earth Magic


You had 11 spell levels left.
You knew the following spells:

 Your Spells              Type           Power      Damage    Failure   Level
a - Borgnjor's Vile Clut  Necr/Erth      45%        N/A       1%          5
b - Conjure Flame         Conj/Fire      66%        6-21      1%          3
c - Stone Arrow           Conj/Erth      100%       3d13      1%          3
d - Vampiric Draining     Necr           91%        2d12      1%          3
e - Searing Ray           Conj           100%       2d8       1%          2
f - Magic Dart            Conj           100%       1d8       1%          1
h - Dispel Undead         Necr           91%        3d29      1%          4
z - Sublimation of Blood  Necr           91%        N/A       1%          2

Your spell library contained the following spells:

 Spells                   Type           Power      Damage    Failure   Level
 Foxfire                  Conj/Fire      100%       2x1d9     1%          1
 Necrotise                Necr           100%       1d9       1%          1
 Animate Dead             Necr           91%        N/A       1%          4
 Agony                    Necr           91%        N/A       1%          5
 Animate Armour           Summ/Erth      100%       N/A       3%          4
 Flame Wave               Conj/Fire      66%        2d15      3%          4
 Leda's Liquefaction      Hex/Erth       33%        N/A       3%          4
 Sticky Flame             Conj/Fire      66%        2d8       3%          4
 Dazzling Flash           Conj/Hex       100%       N/A       4%          3
 Inner Flame              Hex/Fire       50%        N/A       4%          3
 Death Channel            Necr           45%        N/A       4%          6
 Ignite Poison            Fire/Tmut/Pois 41%        N/A       5%          3
 Corpse Rot               Necr/Pois/Air  56%        N/A       8%          4
 Fulminant Prism          Conj/Hex       25%        3d14      11%         4
 Hailstorm                Conj/Ice       50%        3d11      11%         4
 Iskenderun's Mystic Bla  Conj/Tloc      50%        2d11      11%         4
 Gell's Gravitas          Tloc           24%        N/A       12%         3
 Lesser Beckoning         Tloc           24%        N/A       12%         3
 Teleport Other           Tloc           24%        N/A       12%         3
 Iron Shot                Conj/Erth      40%        9d8       14%         6
 Ice Form                 Ice/Tmut       24%        N/A       32%         4
 Passage of Golubria      Tloc           24%        N/A       32%         4
 Simulacrum               Ice/Necr       33%        N/A       41%         6
 Statue Form              Tmut/Erth      44%        N/A       41%         6
 Blade Hands              Tmut           12%        N/A       65%         5
 Silence                  Hex/Air        12%        N/A       65%         5
 Lehudib's Crystal Spear  Conj/Erth      40%        10d10     99%         8


Dungeon Overview and Level Annotations

Branches:
Dungeon (13/15)            Temple (0/1) D:7            Lair (0/5) D:9
    Orc (2/2) D:11            Elf (0/3) Orc:2
 Vaults: D:13-14

Altars:
Ashenzari
Hepliaklqana
Kikubaaqudgha
Makhleb
Qazlal
Ru
Uskayaw
Wu Jian
Zin
The Shining One

Shops:
D:4 ?:   D:9 ([(*

Portals:
Abyss: D:3

Annotations:
D:11 exclusion: 4 sensed monsters (detected)
D:12 exclusions: fire elemental and orange crystal statue
D:13 exclusion: air elemental
Orc:2 exclusions: orc and orc warrior


Innate Abilities, Weirdness & Mutations

You cannot be hasted, slowed, berserked, paralysed or teleported.
You can dig through walls and to a lower floor.
You have a pair of large antennae on your head. (SInv)
Your four strong arms can wield two-handed weapons with a shield.
You are partially covered in iridescent scales. (AC +2)
Your spells are a little harder to cast, but a little more powerful.


Message History

The cyan ugly thing headbutts you but does no damage.
You slice the orange crystal statue!!
The orange crystal statue is heavily damaged.
The unseen horror closely misses you. The cyan ugly thing barely misses you.
The cyan ugly thing attacks as you move away!
The cyan ugly thing headbutts you. The cyan ugly thing shocks you!
The unseen horror closely misses you.
The orange crystal statue glitters.
You bump into the granite statue.
The cyan ugly thing dissolves into shadows!
The unseen horror barely misses you. The acid dragon spits acid at you.
The splash of acid hits you!! The acid corrodes you!
The four-headed hydra attacks as you move away!
The four-headed hydra bites you but does no damage.
The four-headed hydra closely misses you.
The four-headed hydra bites you. The four-headed hydra bites you!
The unseen horror hits you!
The unseen horror completely misses you.
You see here a Young Poisoner's Handbook.
You're too confused to move!
The unseen horror misses you.
The boulder beetle curls into a ball and begins rolling!
The four-headed hydra bites you!
The four-headed hydra bites you but does no damage.
The four-headed hydra bites you.
The four-headed hydra closely misses you.
You bump into the granite statue.
The unseen horror hits you.
The four-headed hydra bites you but does no damage. x3
The four-headed hydra closely misses you.
You're too confused to move!
The unseen horror hits you but does no damage.
The unseen horror hits you!
You die...
Kikubaaqudgha rasps: "You have failed me!
Welcome... death!"

#..##. #.####.####..
#..#.##..####.####..
#......# ###.####..
#..$## ####.##.... #..#
#.......
..####..##########....
.......>..............
...####...#############'
.^.....@DD........ #.
#####.x88.(..##### #.
#.}888B..# #. #..888°..#
#. ##.!:....# #.
##.....## #. ##....# #.
###### ##


You could see a boulder beetle (summoned, rolling), a four-headed hydra
(summoned), an orange crystal statue, an unseen horror (summoned, invisible) and
an acid dragon (summoned).

Vanquished Creatures
  2 boulder beetles
  Erica (Orc:1)
  4 two-headed ogres
  The ghost of Zantyr the Martial Artist, a novice GnWn of Ashenzari (D:9)
  The ghost of jaiteiro the Thaumaturge, a novice DrEE of Hepliaklqana (D:6)
  3 deep elf pyromancers
  2 orc sorcerers
  4 ugly things
  2 orc knights (Orc:2)
  A cyclops (Orc:2)
  3 manticores
  Maurice (D:9)
  A komodo dragon (D:11)
  An unseen horror (D:13)
  3 trolls
  2 polar bears (D:9)
  5 slime creatures (D:13)
  A hornet (D:9)
  A ynoxinul (D:9)
  Sigmund (D:3)
  2 hogs (D:12)
  A human (D:11)
  3 wraiths
  An unseen horror simulacrum (D:9)
  24 yaks
  A steam dragon (D:8)
  3 wyverns
  3 vampire mosquitoes (D:13)
  4 wargs
  Edmund (D:4)
  4 acid dragons
  A water moccasin (D:8)
  A black bear (D:5)
  An ice beast (D:9)
  17 orc warriors
  A sky beast (D:7)
  5 ogres
  2 centaurs
  A phantom (D:5)
  The ghost of vvl the Digger, an amateur OpEE (D:3)
  A kobold brigand (D:11)
  A necrophage (D:6)
  4 bullfrogs
  A gnoll sergeant (D:7)
  2 scorpions
  13 wights
  A small abomination (D:3)
  9 killer bees
  5 howler monkeys
  A crimson imp (D:3)
  A hound (D:7)
  An iron imp (D:3)
  A gnoll bouda (D:5)
  19 orc priests
  Crazy Yiuf (D:4)
  4 iguanas
  20 orc wizards
  9 gnolls
  4 adders
  A shadow imp (D:7)
  5 white imps
  A worm (D:2)
  2 dart slugs
  70 orcs
  10 ball pythons
  4 bats
  5 endoplasms
  7 giant cockroaches
  9 goblins
  5 hobgoblins
  9 kobolds
  5 quokkas
  7 frilled lizards
  5 rats
360 creatures vanquished.

Vanquished Creatures (others)
  4 fungi (D:9)
  12 plants
16 creatures vanquished.

Grand Total: 376 creatures vanquished

Notes
Turn   | Place    | Note
-------+----------+-------------------------------------------
     0 | D:1      | DildoBatman the Formicid Conjurer began the quest for the
                  | Orb.
     0 | D:1      | Reached XP level 1. HP: 13/13 MP: 3/3
   193 | D:1      | Reached XP level 2. HP: 13/20 MP: 0/5
   196 | D:1      | Learned a level 2 spell: Searing Ray
   262 | D:1      | Found a faded altar of an unknown god.
   575 | D:1      | Reached skill level 1 in Fighting
   612 | D:1      | Reached skill level 1 in Armour
   612 | D:1      | Reached XP level 3. HP: 25/26 MP: 1/6
  1248 | D:2      | Learned a level 3 spell: Conjure Flame
  1258 | D:2      | Reached XP level 4. HP: 27/32 MP: 1/8
  1841 | D:3      | Found a transporter.
  1847 | D:3      | Found a transporter.
  1847 | D:3      | Found a one-way gate to the infinite horrors of the Abyss.
  1847 | D:3      | Noticed vvl's ghost (amateur OpEE)
  1869 | D:3      | Reached XP level 5. HP: 34/38 MP: 1/9
  2061 | D:3      | Identified the +12 flail "Irraxytao" {flame, SInv}
  2330 | D:3      | Noticed Sigmund
  2451 | D:4      | Noticed an ogre
  2500 | D:4      | Found Giocvov's Magic Scroll Shoppe.
  2505 | D:4      | Bought a scroll of identify for 24 gold pieces
  2529 | D:4      | Found a sacrificial altar of Ru.
  2591 | D:4      | Found Zezxiag's Book Shop.
  2632 | D:5      | Entered Level 5 of the Dungeon
  2868 | D:5      | Found a glowing silver altar of Zin.
  2929 | D:6      | Found a runed translucent gate.
  2929 | D:6      | Found a runed translucent gate.
  2929 | D:6      | Found a runed translucent gate.
  2932 | D:6      | Noticed jaiteiro's ghost (novice DrEE)
  2933 | D:6      | Identified the +10 plate armour of Elyvilon's Fury {rCorr}
  2933 | D:6      | Noticed an orc warrior
  2939 | D:6      | Noticed an orc warrior
  2957 | D:6      | Found an ancient bone altar of Kikubaaqudgha.
  2957 | D:6      | Found a glowing golden altar of the Shining One.
  2963 | D:6      | Found an ornate altar of the Wu Jian Council.
  2965 | D:6      | Became a worshipper of Kikubaaqudgha
  3046 | D:3      | Killed Sigmund
  3047 | D:3      | Reached skill level 1 in Maces & Flails
  3047 | D:3      | Reached XP level 6. HP: 46/47 MP: 4/11
  3155 | D:4      | Killed an ogre
  3156 | D:4      | Reached XP level 7. HP: 52/52 MP: 4/12
  3336 | D:4      | Found a runed translucent door.
  3337 | D:4      | Noticed Crazy Yiuf
  3450 | D:4      | Noticed Edmund
  3523 | D:4      | Reached skill level 5 in Conjurations
  3523 | D:4      | Reached skill level 1 in Fire Magic
  3524 | D:4      | Killed Edmund
  3821 | D:4      | Killed Crazy Yiuf
  4016 | D:5      | Reached * piety under Kikubaaqudgha
  4016 | D:5      | Received a gift from Kikubaaqudgha
  4017 | D:5      | Reached XP level 8. HP: 46/58 MP: 4/15
  4020 | D:5      | Learned a level 2 spell: Sublimation of Blood
  4024 | D:5      | Learned a level 3 spell: Vampiric Draining
  4085 | D:5      | Reached skill level 5 in Spellcasting
  4765 | D:6      | Found a burning altar of Makhleb.
  4767 | D:6      | Found a hide-covered altar of Uskayaw.
  4823 | D:6      | Found a hazy altar of Hepliaklqana.
  5070 | D:7      | Reached skill level 1 in Necromancy
  5108 | D:7      | Reached XP level 9. HP: 27/64 MP: 10/17
  5292 | D:7      | Found a staircase to the Ecumenical Temple.
  5949 | D:8      | Noticed a manticore
  6082 | D:8      | Reached ** piety under Kikubaaqudgha
  6183 | D:8      | Reached skill level 5 in Fire Magic
  6188 | D:8      | Reached XP level 10. HP: 64/73 MP: 14/20
  6296 | D:8      | Reached skill level 5 in Fighting
  6296 | D:8      | Reached skill level 5 in Armour
  6507 | D:8      | Reached skill level 5 in Necromancy
  7069 | D:9      | Found Imoy's General Store.
  7076 | D:9      | Found a runed translucent door.
  7077 | D:9      | Noticed Zantyr's ghost (novice GnWn)
  7249 | D:9      | Reached *** piety under Kikubaaqudgha
  7249 | D:9      | Received a gift from Kikubaaqudgha
  7255 | D:9      | Learned a level 4 spell: Dispel Undead
  7261 | D:9      | Learned a level 5 spell: Borgnjor's Vile Clutch
  7279 | D:9      | Found Sufietiu's Antique Armour Shoppe.
  7332 | D:9      | Reached skill level 5 in Earth Magic
  7332 | D:9      | Reached XP level 11. HP: 49/79 MP: 16/21
  7447 | D:9      | Found a broken altar of Ashenzari.
  7560 | D:9      | Found Xusapt Xuisa's Antique Weapon Emporium.
  7711 | D:9      | Found Yrha's Antique Weapon Emporium.
  7754 | D:9      | Found a staircase to the Lair.
  8002 | D:9      | Noticed a two-headed ogre
  8009 | D:9      | Killed a two-headed ogre
  8137 | D:8      | Killed a manticore
  8320 | D:3      | Killed vvl's ghost
  8472 | D:6      | Reached **** piety under Kikubaaqudgha
  8475 | D:6      | Killed jaiteiro's ghost
  8696 | D:9      | Killed Zantyr's ghost
  8709 | D:9      | Got the Tractate on the Geologist
  8717 | D:9      | Learned a level 3 spell: Stone Arrow
  8742 | D:10     | Entered Level 10 of the Dungeon
  8776 | D:10     | Noticed Maurice
  8789 | D:9      | Killed Maurice
  8893 | D:10     | Noticed a two-headed ogre
  8901 | D:10     | Killed a two-headed ogre
  8902 | D:10     | Reached XP level 12. HP: 64/86 MP: 17/23
  8973 | D:10     | Identified the ring of Edier {rCorr Str+4}
  9309 | D:11     | Reached skill level 10 in Earth Magic
  9431 | D:11     | Noticed a boulder beetle
  9493 | D:11     | Noticed a stone giant
  9598 | D:11     | You fall into a shaft and drop 2 floors!
  9661 | D:13     | Reached skill level 10 in Necromancy
  9744 | D:13     | Reached ***** piety under Kikubaaqudgha
  9828 | D:13     | Found a stormy altar of Qazlal.
 10223 | D:11     | Noticed a two-headed ogre
 10245 | D:11     | Killed a two-headed ogre
 10334 | D:11     | Reached XP level 13. HP: 48/91 MP: 7/26
 10511 | D:11     | Identified the +9 great sword of Adydeyll {speed, Int+4}
 10584 | D:11     | Found a staircase to the Orcish Mines.
 10610 | D:11     | Killed a boulder beetle
 10611 | D:11     | Reached skill level 1 in Long Blades
 10823 | Orc:1    | Entered Level 1 of the Orcish Mines
 10823 | Orc:1    | Noticed Erica
 10829 | Orc:1    | Killed Erica
 10830 | Orc:1    | Reached skill level 10 in Spellcasting
 11408 | D:9      | Bought a scroll of magic mapping for 105 gold pieces
 11496 | Orc:2    | Entered Level 2 of the Orcish Mines
 11969 | Orc:2    | Found a staircase to the Elven Halls.
 12312 | D:12     | Noticed a boulder beetle
 12324 | D:12     | Killed a boulder beetle
 12464 | D:12     | Gained mutation: You occasionally lose the ability to read
                  | scrolls when taking damage. [potion of mutation]
 12464 | D:12     | Gained mutation: Your skin changes colour to match your
                  | surroundings (Stealth+). [potion of mutation]
 12466 | D:12     | Lost mutation: You occasionally lose the ability to read
                  | scrolls when taking damage. [potion of mutation]
 12466 | D:12     | Lost mutation: Your skin changes colour to match your
                  | surroundings (Stealth+). [potion of mutation]
 12466 | D:12     | Gained mutation: Your spells are a little harder to cast,
                  | but a little more powerful. [potion of mutation]
 12466 | D:12     | Gained mutation: You are partially covered in iridescent
                  | scales. (AC +2) [potion of mutation]
 12683 | D:12     | Noticed a boulder beetle
 12683 | D:12     | Noticed a four-headed hydra
 12686 | D:12     | HP: 1/89 [unseen horror[an orange crystal statue] (6)]
 12687 | D:12     | Slain by an unseen horror

Illustrated notes

Levels and vault maps discovered:
D:1:      denvon_arrival_waterhouse, layout_loops_corners,
          ebering_ecumenical_altar_rust
D:2:      wad_pebble_path, layout_basic, guppyfry_early_lair_pool
D:3:      layout_basic, serial_glass, glass_columns_a, glass_columns_a,
          glass_columns_b, glass_columns_b, glass_columns_c, glass_columns_b,
          gammafunk_ghost_abyssal_escape, uniq_sigmund
D:4:      layout_basic, nicolae_ru_great_annihilating_truth, serial_shops,
          nicolae_shop_hallway_plus, nicolae_stop_n_shop_2, uniq_edmund,
          uniq_crazy_yiuf_cottage
D:5:      layout_basic, marbit_many_paths
D:6:      layout_rooms, chequers_temple_overflow_minitemple,
          nicolae_hepliaklqana_hippocampus, biasface_ghost_orc_armoury,
          st_stairs_11
D:7:      layout_basic, temple_fountains, serial_bayou_lagoon_a
D:8:      layout_gridville, nicolae_benzene_ring
D:9:      layout_basic, ashenzari_conservatory_becter, dpeg_oklobed_lair,
          serial_shops, nicolae_shop_waterfront, nicolae_shop_advertising_works
          [nicolae_subvault_shop_adworks], nicolae_shop_trees,
          nicolae_shop_stone, serial_ice, serial_ice_b, serial_ice_e,
          serial_ice_n, serial_ice_o, hellmonk_ghost_big_iron
D:10:     layout_rooms, uniq_maurice
D:11:     layout_loops_ring, erik_orc_4, onia_ninara_dug_in_and_dangerous
D:12:     layout_basic, serial_shops, shop, reono_crystal_passage,
          minmay_protected_statue, uniq_kirke, uniq_lodul, uniq_snorg,
          uniq_azrael
D:13:     layout_irregular_city, hangedman_decor_diamond_cutter,
          nicolae_qazlal_style_of_elements
Orc:1:    layout_caves, uniq_erica
Orc:2:    pf_orc_diabolical, layout_caves, lightli_orcish_oven

Skill      XL: |  1  2  3  4  5  6  7  8  9 10 11 12 13 |
---------------+----------------------------------------+-----
Dodging        | 2 3 |  3.3
Fighting       | 1 2 3 4 5 |  5.3
Armour         | 1 2 3 4 5 |  5.3
Conjurations   | 4 5 6 |  6.0
Spellcasting   | 3 4 5 6 7 9 11 | 11.3
Maces & Flails | 1 2 |  2.0
Fire Magic     | 2 4 5 6 |  6.0
Necromancy     | 1 3 7 9 11 12 | 12.0
Earth Magic    | 5 9 11 12 | 12.0
Long Blades    | 2 |  2.0
Stealth        | |  2.4

Action                   |  1- 3 |  4- 6 |  7- 9 | 10-12 | 13-15 || total
-------------------------+-------+-------+-------+-------+-------++-------
Melee: Unarmed           |     7 |       |       |       |       ||     7
       Club              |    26 |       |       |       |       ||    26
       Mace              |     2 |       |       |       |       ||     2
       Short sword       |       |    19 |       |       |       ||    19
       Flail             |       |    21 |    78 |   121 |     5 ||   225
       Punch             |       |       |     2 |     1 |     2 ||     5
       Halberd           |       |       |       |     6 |     1 ||     7
       Staff             |       |       |       |    34 |    27 ||    61
       Great sword       |       |       |       |       |    40 ||    40
 Fire: Sling             |       |       |    10 |    44 |       ||    54
       Shortbow          |       |       |       |     2 |     4 ||     6
 Cast: Magic Dart        |    51 |    34 |     6 |     8 |       ||    99
       Searing Ray       |     3 |     7 |    18 |     9 |       ||    37
       Conjure Flame     |       |       |     8 |    25 |     5 ||    38
       Vampiric Draining |       |       |       |    10 |     4 ||    14
       Borgnjor's Vile C |       |       |       |    48 |    38 ||    86
       Dispel Undead     |       |       |       |    14 |       ||    14
       Sublimation of Bl |       |       |       |    12 |     5 ||    17
 Abil: Dig               |       |     1 |     1 |       |     2 ||     4
Evoke: Wand              |       |       |       |       |     1 ||     1
  Use: Scroll            |       |     7 |     2 |     2 |     2 ||    13
       Potion            |       |       |       |       |     3 ||     3
 Stab: Sleeping          |     2 |     3 |     1 |       |       ||     6
       Paralysed         |       |       |     1 |       |       ||     1
Armor: Robe              |    11 |     3 |     5 |       |       ||    19
       Ring mail         |       |       |    11 |    13 |       ||    24
       Steam dragon scal |       |       |       |    50 |    32 ||    82
Dodge: Dodged            |    32 |    22 |    73 |   166 |    79 ||   372
